 Dungeon Crawl Stone Soup version 0.19-b1-5-gdc9fa9d (webtiles) character file.

62 Chiseanne the Charlatan (level 3, -5/27 HPs)
             Began as a Mummy Artificer on Oct 31, 2016.
             Killed from afar by Sigmund (6 damage)
             ... with a wand of flame
             ... on level 2 of the Dungeon.
             The game lasted 00:03:05 (1225 turns).

Chiseanne the Charlatan (Mummy Artificer)           Turns: 1225, Time: 00:03:05

Health: -5/27      AC:  7    Str: 15    XL:     3   Next: 85%
Magic:  5/5        EV:  9    Int: 10    God:
Gold:   65         SH:  0    Dex: 13    Spells: 0 memorised, 2 levels left

rFire  x . .     SeeInvis .     a - +0 short sword
rCold  + . .     Gourm    .     h - +0 scale mail
rNeg   + + +     Faith    .     (no shield)
rPois  ∞         Spirit   .     (no helmet)
rElec  .         Reflect  .     j - +0 cloak
rCorr  .         Harm     .     (no gloves)
MR     .....                    (no boots)
Stlth  ..........               (no amulet)
                                (no ring)
                                (no ring)

@: no status effects
A: no food or potions, fire vulnerability, cold resistance 1, negative energy
resistance 3, torment resistance, unbreathing
a: no special abilities


You were on level 2 of the Dungeon.
You were not hungry.

You visited 1 branch of the dungeon, and saw 2 of its levels.

You collected 65 gold pieces.

Inventory:

Hand Weapons
 a - a +0 short sword (weapon)
Missiles
 f - 4 stones (quivered)
 l - 20 bolts
Armour
 h - a +0 scale mail (worn)
 j - a +0 cloak (worn)
Wands
 c - a wand of flame (11/48)
 d - a wand of enslavement (12/24)
 e - a wand of random effects (11/48)
Scrolls
 b - a scroll of enchant weapon {unknown}
 g - 2 scrolls of enchant armour {unknown}
 i - a scroll of noise {unknown}
 k - 2 scrolls of identify {unknown}


   Skills:
 * Level 2.2 Fighting
 - Level 0.7 Short Blades
 * Level 1.2 Armour
 - Level 1.6 Dodging
 - Level 0.7 Stealth
 * Level 3.1 Evocations


You had 2 spell levels left.
You didn't know any spells.

Dungeon Overview and Level Annotations

Branches:
Dungeon (2/15)

Altars:
Nemelex Xobeh
Xom

Annotations:
D:2 Sigmund


Innate Abilities, Weirdness & Mutations

You do not eat or drink.
Your flesh is vulnerable to fire.
You are immune to poison.
Your flesh is cold resistant. (rC+)
You are immune to negative energy. (rN+++)
You are immune to unholy pain and torment.
You can survive without breathing.


Message History

The iceblast engulfs you! You partially resist.
* * * LOW HITPOINT WARNING * * *
This wand has 13 charges left.
You hear a shout!
Sigmund the Dreaded comes into view.
He is wielding a scythe.
Evoke which item? (* to show all) (? for menu, Esc to quit)
Zapping:
e - a wand of random effects (13/48)
Press: ? - help, Shift-Dir - straight line, f - Sigmund
Aim: Sigmund, wielding a scythe and wearing a robe Sigmund seems to slow down.
This wand has 12 charges left.
Sigmund zaps a wand.
The puff of flame hits you! The fire burns you terribly!
* * * LOW HITPOINT WARNING * * *
It is a wand of flame.
Evoke which item? (* to show all) (? for menu, Esc to quit)
Zapping:
e - a wand of random effects (12/48)
Press: ? - help, Shift-Dir - straight line, f/p - Sigmund
Aim: Sigmund, wielding a scythe, wearing a robe and carrying a wand of flame {zapped: 1} (slow) Sigmund seems to speed up.
This wand has 11 charges left.
Sigmund zaps a wand.
The puff of flame hits you! The fire burns you terribly!
You die...

...... #.# .... #.#
#.# #. ... #.# #.#
##..###.###.######.###
.......†.............#
#.#.†.#.######.#.#
#....†...# #.#.#
#.##....#..# #.#.#
#........@.# #.#.#
#.@#.#.###.# #.#.#
....#.#.# #.# #...#
..# #.#.#
#.#####..######. .#
#.#.# #...............
#.# ########.#.#.###
#. #.#.# ## #.# # #.#


You could see Sigmund.

Vanquished Creatures
  A gnoll (D:1)
  3 adders (D:2)
  A dart slug (D:1)
  A leopard gecko (D:1)
  2 giant cockroaches (D:1)
  2 goblins (D:1)
  3 hobgoblins (D:1)
  5 kobolds
  5 bats (D:1)
  2 frilled lizards (D:2)
  3 rats (D:1)
28 creatures vanquished.

Vanquished Creatures (collateral kills)
  A bat (D:2)
1 creature vanquished.

Vanquished Creatures (others)
  A worm (D:2)
1 creature vanquished.

Grand Total: 30 creatures vanquished

Notes
Turn   | Place    | Note
-------+----------+-------------------------------------------
     0 | D:1      | Chiseanne the Mummy Artificer began the quest for the Orb.
     0 | D:1      | Reached XP level 1. HP: 15/15 MP: 2/2
   419 | D:1      | Reached XP level 2. HP: 18/21 MP: 3/3
   843 | D:1      | Reached XP level 3. HP: 18/27 MP: 5/5
  1115 | D:2      | Found a shimmering altar of Xom.
  1115 | D:2      | Found a sparkling altar of Nemelex Xobeh.
  1127 | D:2      | Reached skill level 1 in Armour
  1127 | D:2      | Reached skill level 3 in Evocations
  1221 | D:2      | Noticed Sigmund
  1224 | D:2      | HP: 1/27 [Sigmund/wand of flame (7)]
  1225 | D:2      | Killed from afar by Sigmund

Skill      XL: |  1  2  3 |
---------------+----------+-----
Fighting       | 2 |  2.2
Armour         | 1 |  1.2
Evocations     | 3 |  3.1
Short Blades   | |  0.7
Dodging        | |  1.6
Stealth        | |  0.7

Action                   || total
-------------------------++-------
Melee: Short sword       ||   135
Evoke: Wand              ||    11
Armor: Scale mail        ||    67
       Leather armour    ||     6
Dodge: Dodged            ||    81
